 Dungeon Crawl Stone Soup version 0.19.1-1-g22dce08 (webtiles) character file.

3003 Oxelix the Grappler (level 9, -5/80 HPs)
             Began as a Troll Berserker on Dec 29, 2016.
             Was an Elder of Trog.
             Slain by Gastronok (30 damage)
             ... on level 8 of the Dungeon.
             The game lasted 00:30:39 (4964 turns).

Oxelix the Grappler (Troll Berserker)               Turns: 4964, Time: 00:30:39

Health: -5/80      AC:  9    Str: 30    XL:     9   Next: 54%
Magic:  8/8        EV: 10    Int:  3    God:    Trog [****..]
Gold:   215        SH:  0    Dex:  9    Spells: 0 memorised, 8 levels left

rFire  . . .     SeeInvis .       - Unarmed
rCold  . . .     Gourm    +     a - +1 animal skin
rNeg   . . .     Faith    .     (no shield)
rPois  .         Spirit   .     (helmet restricted)
rElec  .         Reflect  .     h - +2 cloak
rCorr  .         Harm     .     (gloves unavailable)
MR     ++...                    (boots unavailable)
Stlth  ++........               (no amulet)
                                t - ring of flight
                                j - ring of flight

@: regenerating
A: unfitting armour, claws 3, camouflage 1, fast metabolism 3, gourmand,
regeneration 1, shaggy fur 1, tough skin 2
a: Berserk, Trog's Hand, Brothers in Arms, Burn Spellbooks, Renounce Religion,
Evoke Flight


You were on level 8 of the Dungeon.
You worshipped Trog.
Trog was greatly pleased with you.
You were not hungry.

You visited 2 branches of the dungeon, and saw 9 of its levels.

You collected 292 gold pieces.
You spent 77 gold pieces at shops.

Inventory:

Armour
 a - a +1 animal skin (worn)
 h - a +2 cloak (worn)
Jewellery
 j - a ring of flight (left claw)
 s - an uncursed ring of protection from magic {unknown}
 t - a ring of flight (right claw)
Wands
 i - a wand of flame (48/48)
 o - a wand of flame (26/48)
Scrolls
 c - 5 scrolls of identify
 g - a scroll of enchant armour
 l - a scroll of remove curse
 q - 4 scrolls of teleportation
 u - 2 scrolls of enchant weapon
Potions
 d - 2 potions of heal wounds
 e - a potion of cancellation
 f - 3 potions of curing
 n - a potion of flight
 p - a potion of haste
Comestibles
 b - 4 bread rations
 k - 2 meat rations
 m - a slice of pizza
 r - a beef jerky


   Skills:
 - Level 2.6 Fighting
 - Level 2.6 Dodging
 + Level 13.1 Unarmed Combat


You had 8 spell levels left.
You didn't know any spells.

Dungeon Overview and Level Annotations

Branches:
Dungeon (8/15)             Temple (1/1) D:7
   Lair: D:8-11

Altars:
Ashenzari
Cheibriados
Dithmenos
Elyvilon
Fedhas
Gozag
Hepliaklqana
Kikubaaqudgha
Nemelex Xobeh
Okawaru
Qazlal
Ru
Sif Muna
Trog
Uskayaw
Vehumet
Yredelemnul
The Shining One
Jiyva

Shops:
D:6 *(*(

Annotations:
D:8 Gastronok


Innate Abilities, Weirdness & Mutations

You are too large for most types of armour.
You have claws for hands.
Your metabolism is lightning-fast.
You like to eat raw meat.
Your natural rate of healing is unusually fast.
You are covered in fur. (AC +1)
You have very tough skin. (AC +2)
Your skin changes colour to match your surroundings (Stealth+).


Message History

Gastronok is moderately wounded.
You claw Gastronok!
Gastronok is heavily wounded.
Gastronok waves his eye-stalks in wide circles.
The air twists around and strikes you!
You barely miss Gastronok.
Gastronok is heavily wounded.
You claw Gastronok!
Gastronok is heavily wounded.
You mangle Gastronok!!
Gastronok is severely wounded.
Gastronok waves his eye-stalks in wide circles.
The air twists around and strikes you!
* * * LOW HITPOINT WARNING * * *
Okay, then.
You feel much better.
Your skin crawls.
You feel resistant to hostile enchantments.
You feel somewhat more hungry. Gastronok bites you!!
You die...

# ### #. ... #..
#.## ...$ #.. #
.....###.###.###
#...............
#....w@...)....
#...###.###.###
##..#...#.# #
#...###.#.#.#.#
##..............
###...............
.....#.###.###.#.#
####.....#...# #
#...###.###.


You could see Gastronok.

Vanquished Creatures
  The ghost of flt the Frost Mage, a novice MfIE of Hepliaklqana (D:6)
  Menkaure (D:7)
  Edmund (D:5)
  Duvessa (D:6)
  A sky beast (D:5)
  A water moccasin (D:7)
  An orc warrior (D:6)
  A hornet zombie (D:5)
  5 ogres
  2 ice beasts (D:7)
  The ghost of Faustar the Slasher, an amateur DrAK of Lugonu (D:3)
  A centaur (D:5)
  3 bullfrogs (D:6)
  Blork the orc (D:5)
  Dowan (D:6)
  A scorpion (D:4)
  4 howler monkeys
  3 crimson imps
  Crazy Yiuf (D:3)
  An orc priest (D:3)
  2 bullfrog skeletons (D:7)
  3 hounds
  A jelly (D:7)
  Terence (D:2)
  An iguana (D:7)
  2 worker ants
  A mummy (D:6)
  3 worker ant zombies
  Robin (D:2)
  8 adders
  A shadow imp (D:6)
  An ooze (D:3)
  2 adder zombies
  3 worms
  3 dart slugs
  6 leopard geckos
  9 orcs
  3 ball pythons (D:1)
  3 giant cockroaches (D:1)
  10 hobgoblins
  A jackal (D:4)
  7 kobolds
  6 quokkas
  A ball python zombie (D:6)
  9 bats
  4 frilled lizards
  14 goblins
  A leopard gecko zombie (D:6)
  11 rats
150 creatures vanquished.

Notes
Turn   | Place    | Note
-------+----------+-------------------------------------------
     0 | D:1      | Oxelix the Troll Berserker began the quest for the Orb.
     0 | D:1      | Reached XP level 1. HP: 22/22 MP: 0/0
   134 | D:1      | Reached XP level 2. HP: 29/29 MP: 1/1
   699 | D:1      | Reached ** piety under Trog
   724 | D:1      | Reached XP level 3. HP: 33/36 MP: 2/2
   910 | D:2      | Reached skill level 4 in Unarmed Combat
  1196 | D:2      | Noticed Robin
  1206 | D:2      | Reached XP level 4. HP: 44/44 MP: 3/3
  1235 | D:2      | Killed Robin
  1454 | D:2      | Noticed Terence
  1465 | D:2      | Killed Terence
  1465 | D:2      | Reached skill level 5 in Unarmed Combat
  1673 | D:3      | Noticed Faustar's ghost (amateur DrAK)
  1690 | D:3      | Killed Faustar's ghost
  1690 | D:3      | Reached skill level 6 in Unarmed Combat
  1690 | D:3      | Reached XP level 5. HP: 50/50 MP: 4/4
  1765 | D:3      | Reached *** piety under Trog
  2020 | D:3      | Reached XP level 6. HP: 59/59 MP: 5/5
  2124 | D:3      | Found a runed door.
  2128 | D:3      | Noticed Crazy Yiuf
  2133 | D:3      | Paralysed by Crazy Yiuf for 2 turns
  2137 | D:3      | Killed Crazy Yiuf
  2410 | D:4      | Reached skill level 7 in Unarmed Combat
  2647 | D:5      | Entered Level 5 of the Dungeon
  2698 | D:5      | Reached skill level 8 in Unarmed Combat
  2698 | D:5      | Reached XP level 7. HP: 66/66 MP: 6/6
  2788 | D:5      | Noticed Blork the orc
  2795 | D:5      | Killed Blork the orc
  2887 | D:5      | Reached skill level 9 in Unarmed Combat
  2972 | D:5      | Reached **** piety under Trog
  3105 | D:5      | Reached XP level 8. HP: 74/74 MP: 7/7
  3133 | D:5      | Reached skill level 10 in Unarmed Combat
  3176 | D:5      | Noticed Edmund
  3187 | D:5      | Killed Edmund
  3428 | D:6      | Found Inol's Antique Weapon Shop.
  3494 | D:6      | Reached skill level 11 in Unarmed Combat
  3544 | D:6      | Found Fuel's General Store.
  3560 | D:6      | Bought a scroll of identify for 22 gold pieces
  3560 | D:6      | Bought a potion of heal wounds for 55 gold pieces
  3593 | D:6      | Noticed Dowan
  3595 | D:6      | Noticed Duvessa
  3604 | D:6      | Killed Dowan
  3608 | D:6      | Killed Duvessa
  3675 | D:6      | Noticed flt's ghost (novice MfIE)
  3681 | D:6      | Killed flt's ghost
  3681 | D:6      | Reached skill level 12 in Unarmed Combat
  3681 | D:6      | Reached XP level 9. HP: 80/80 MP: 8/8
  3777 | D:6      | Found a snail-covered altar of Cheibriados.
  3823 | D:6      | Found Deotu's Antique Weapon Boutique.
  3859 | D:6      | Found a white marble altar of Elyvilon.
  3871 | D:6      | Found a hazy altar of Hepliaklqana.
  3901 | D:6      | Gained mutation: Your skin changes colour to match your surroundings (Stealth+). [potion of beneficial mutation]
  4004 | D:6      | Found Olohamno's Assorted Antiques.
  4170 | D:6      | Found a sparkling altar of Nemelex Xobeh.
  4173 | D:6      | Found a deep blue altar of Sif Muna.
  4174 | D:6      | Found a hide-covered altar of Uskayaw.
  4306 | D:6      | Found a snail-covered altar of Cheibriados.
  4381 | D:7      | Noticed Menkaure
  4382 | D:7      | Found a staircase to the Ecumenical Temple.
  4388 | D:7      | Killed Menkaure
  4398 | Temple   | Entered the Ecumenical Temple
  4628 | D:7      | Found a shadowy altar of Dithmenos.
  4681 | D:7      | Reached skill level 13 in Unarmed Combat
  4944 | D:8      | Noticed Gastronok
  4964 | D:8      | Slain by Gastronok

Skill      XL: |  1  2  3  4  5  6  7  8  9 |
---------------+----------------------------+-----
Unarmed Combat | 4 6 8 9 12 13 | 13.1
Fighting       | |  2.6
Dodging        | |  2.6

Action                   |  1- 3 |  4- 6 |  7- 9 || total
-------------------------+-------+-------+-------++-------
Melee: Unarmed           |    79 |   132 |   180 ||   391
       Short sword       |    17 |       |       ||    17
       Punch             |       |     4 |    10 ||    14
Invok: Berserk           |     1 |     2 |     3 ||     6
       Trog's Hand       |       |     2 |     1 ||     3
  Use: Scroll            |     2 |     7 |     7 ||    16
       Potion            |       |     3 |     7 ||    10
 Stab: Sleeping          |       |     1 |     1 ||     2
  Eat: Chunk             |    16 |    18 |    17 ||    51
Armor: Animal skin       |    58 |    49 |    34 ||   141
Dodge: Dodged            |    69 |    80 |    72 ||   221
